 Dungeon Crawl Stone Soup version 0.30-a0-49-g1cef19eb02 (webtiles) character file.

Game seed: 3313137241425675132

86 LnG the Chopper (level 4, -2/40 HPs)
             Began as a Hill Orc Fighter on Sept 2, 2022.
             Was a Follower of Uskayaw.
             Slain by Crazy Yiuf
             ... wielding a +2 quarterstaff of chaos
              (10 damage)
             ... on level 2 of the Dungeon.
             The game lasted 00:06:45 (2201 turns).

LnG the Chopper (Hill Orc Fighter)                  Turns: 2201, Time: 00:06:47

Health: -2/40      AC:  8    Str: 20    XL:     4   Next: 50%
Magic:  3/4        EV:  8    Int: 12    God:    Uskayaw [*.....]
Gold:   91         SH:  8    Dex: 10    Spells: 3/3 levels left

rFire   x . .      SeeInvis .    a - +0 war axe (elec)
rCold   + + +      Faith    .    h - +0 kite shield
rNeg    . . .      Spirit   .    b - +0 scale mail
rPois   .          Reflect  .    (no helmet)
rElec   .          Harm     .    (no cloak)
rCorr   .          Rampage  .    f - +0 pair of gloves
Will    +....                    (no boots)
Stlth   ..........               (no amulet)
HPRegen 0.13/turn                l - ring "Jaher" {+Blink rF- rC+++ Will+ Int+4}
MPRegen 0.09/turn                (no ring)

@: no status effects
A: no striking features
a: Renounce Religion, Evoke Blink, Stomp


You were on level 2 of the Dungeon.
You worshipped Uskayaw.
Uskayaw was noncommittal.
You visited 1 branch of the dungeon, and saw 2 of its levels.

You collected 91 gold pieces.

Inventory:

Hand Weapons
 a - a +0 war axe of electrocution (weapon)
Missiles
 q - 3 boomerangs (quivered)
Armour
 b - a +0 scale mail (worn)
 f - a +0 pair of gloves (worn)
 h - a +0 kite shield (worn)
Jewellery
 l - the ring "Jaher" (left hand) {+Blink rF- rC+++ Will+ Int+4}
   (You found it on level 2 of the Dungeon)

   [ring of willpower]

   Int:       It affects your intelligence (+4).
   rF:        It makes you vulnerable to fire.
   rC:        It renders you almost immune to cold.
   +Blink:    It lets you blink.
   Will:      It increases your willpower.
Scrolls
 g - a scroll of magic mapping {unknown}
 i - a scroll of noise
 k - 2 scrolls of teleportation {unknown}
 m - a scroll of immolation {unknown}
 n - 3 scrolls of identify
 o - a scroll of fog {unknown}
Potions
 c - a potion of brilliance
 d - a potion of might
 e - a potion of haste {unknown}
 j - a potion of ambrosia {unknown}
 p - a potion of flight {unknown}
 r - a potion of degeneration {unknown}


   Skills:
 + Level 4.0 Fighting
 + Level 4.6 Axes
 + Level 3.8 Armour
 + Level 0.1 Dodging
 + Level 3.8 Shields


You had 3 spell levels left.
You didn't know any spells.
Your spell library was empty.

Dungeon Overview and Level Annotations

Branches:
Dungeon (2/15)

Altars:
Uskayaw

Shops:
D:1 =

Annotations:
D:2 Crazy Yiuf


Message History

You open the door. You open the door.
There is an open door here.
There is a stone staircase leading down here.
A bat comes into view.
Found a hide-covered altar of Uskayaw.
You block the bat's attack. The bat hits you but does no damage.
You slash the bat!
You kill the bat!
No target in view!
No target in view!
There is a hide-covered altar of Uskayaw here.
You kneel at the altar of Uskayaw.
Uskayaw welcomes you!
Found 6 poisoned darts.
r - a metallic amethyst potion You see here 6 poisoned darts.
Found 3 stones.
You see here 3 stones.
Found a hammer.
Found a runed translucent door.
Crazy Yiuf shouts!
You open the door. You hit Crazy Yiuf.
Crazy Yiuf is moderately wounded.
Crazy Yiuf hits you with a +2 quarterstaff of chaos.
Crazy Yiuf burns you.
Crazy Yiuf hits you with a +2 quarterstaff of chaos!
Crazy Yiuf burns you!
You slash Crazy Yiuf!
Crazy Yiuf is severely wounded.
Crazy Yiuf hits you with a +2 quarterstaff of chaos.
You can now stomp with the beat.
You barely miss Crazy Yiuf.
Crazy Yiuf is severely wounded.
Crazy Yiuf hits you with a +2 quarterstaff of chaos.
* * * LOW HITPOINT WARNING * * *
You feel your power leaking away.
Crazy Yiuf flaps his cloak.
Crazy Yiuf hits you with a +2 quarterstaff of chaos!
You die...

.....#...##.#
##.....## ####
######......# ##...##
# ##.##### ##'## # #.#
### # #.# # #.#
♣♣♣♣♣### # #.## ###
♣♣♣.♣....## # #..#
#...#♣..♣......## #
####
#...g@♣♣♣♣......######
#)..#♣♣ ♣♣...........
### ♣♣########## # ###
## #.# §# #.# ≈# #.#


You could see Crazy Yiuf.

Vanquished Creatures
  4 gnolls
  3 worms (D:2)
  A dart slug (D:1)
  3 bats
  4 endoplasms
  A giant cockroach (D:2)
  7 goblins
  4 hobgoblins
  A quokka (D:2)
  A frilled lizard (D:2)
  3 kobolds (D:2)
  3 rats
35 creatures vanquished.

Notes
Turn   | Place    | Note
-------+----------+-------------------------------------------
     0 | D:1      | LnG the Hill Orc Fighter began the quest for the Orb.
     0 | D:1      | Reached XP level 1. HP: 19/19 MP: 1/1
   153 | D:1      | Reached XP level 2. HP: 25/27 MP: 2/2
   206 | D:1      | Found Ifog's Jewellery Emporium.
   497 | D:1      | Found a faded altar of an unknown god.
   717 | D:2      | Reached XP level 3. HP: 25/33 MP: 3/3
   809 | D:2      | Identified the ring "Jaher" {+Blink rF- rC+++ Will+ Int+4}
  1473 | D:2      | Reached XP level 4. HP: 38/40 MP: 4/4
  2144 | D:2      | Found a hide-covered altar of Uskayaw.
  2152 | D:2      | Became a worshipper of Uskayaw the Reveller
  2194 | D:2      | Found a runed translucent door.
  2195 | D:2      | Noticed Crazy Yiuf
  2200 | D:2      | Reached * piety under Uskayaw
  2201 | D:2      | Slain by Crazy Yiuf

Illustrated notes

Levels and vault maps discovered:
D:1:      tarquinn_simple_flora_water_c, layout_loops_ring,
          hellmonk_ecumenical_altar_pennies_from_heaven, serial_shops,
          nicolae_shop_trees, kennysheep_another_room
D:2:      kennysheep_big_flooded_room, layout_loops_corners, basic_altar,
          uniq_crazy_yiuf_cottage

Skill      XL: |  1  2  3  4 |
---------------+-------------+-----
Axes           | 3 4 |  4.6
Fighting       | 4 |  4.0
Armour         | |  3.8
Dodging        | |  0.1
Shields        | |  3.8

Action                   |  1- 3 |  4- 6 || total
-------------------------+-------+-------++-------
Melee: War axe           |    82 |    18 ||   100
  Use: Scroll            |     3 |       ||     3
Armor: Scale mail        |    39 |     3 ||    42
Dodge: Dodged            |    30 |    11 ||    41
Block: Buckler           |     4 |       ||     4
       Kite shield       |    43 |    10 ||    53

Table legend: (Time is in decaauts)
 A = Elapsed time spent in this place.
 B = Non-inter-level travel time spent in this place.
 C = Inter-level travel time spent in this place.
 D = Time resting spent in this place.
 E = Time spent auto-exploring this place.
 F = Levels seen in this place.
 G = Mean time per level.
                   A        B        C        D        E       F      G
               +--------+--------+--------+--------+--------+-----+--------+
         Total |   2259 |   2250 |      9 |    502 |   1207 |   2 | 1129.5 |
       Dungeon |   2259 |   2250 |      9 |    502 |   1207 |   2 | 1129.5 |
               +--------+--------+--------+--------+--------+-----+--------+

Top non-repeatable levels by time:
     D:2: 1323 daAuts
     D:1: 935 daAuts
